 Dungeon Sprint DCSS version 0.31-a0-18-gea43df2a32 (webtiles) character file.

Game seed: 7986694002227958764

2536 sircluck the Unseen (level 9, -3/63 HPs)
             Began as a Kobold Brigand on May 9, 2023.
             Was the Champion of Dithmenos.
             Slain by a demonic crawler (4 damage)
             ... in the Dungeon (Sprint VII: "The Pits").
             The game lasted 00:04:01 (895 turns).

sircluck the Unseen (Kobold Brigand)                 Turns: 895, Time: 00:04:02

Health: -3/63      AC:  3    Str: 14    XL:     9   Next: 85%
Magic:  9/9        EV: 26    Int: 15    God:    Dithmenos [******]
Gold:   0          SH:  0    Dex: 21    Spells: 8/8 levels left

rFire   . . .        s - +2 rapier of Ytiopu {flame, rCorr Int+3}
rCold   . . .        (no shield)
rNeg    . . .        b - +0 robe
rPois   .            (no helmet)
rElec   .            c - +0 cloak
rCorr   +            (no gloves)
SInv    .            (no boots)
Will    .....        (no amulet) Stlth ****++++++
                     k - +3 ring of strength
HPRegen 0.30/turn    r - +3 ring of strength
MPRegen 0.11/turn

%: no teleportation
@: on berserk cooldown, slowed, wreathed by umbra, very slow
A: small, no large weapons, nightstalker 3
a: Renounce Religion, Shadow Step, Shadow Form


You were in the Dungeon.
You worshipped Dithmenos.
Dithmenos was exalted by your worship.
You visited 1 branch

Inventory:

Hand Weapons
 a - a +2 dagger
 p - a +2 dagger of venom
 s - the +2 rapier of Ytiopu (weapon) {flame, rCorr Int+3}
   (You found it in the Dungeon)

   Int:       It affects your intelligence (+3).
   rCorr:     It protects you from acid and corrosion.
Missiles
 d - 16 poisoned darts (quivered)
 e - 3 curare-tipped darts
 o - 10 stones
Armour
 b - a +0 robe (worn)
 c - a +0 cloak (worn)
 t - a +0 pair of gloves
 u - a +4 scale mail
Jewellery
 k - a +3 ring of strength (left hand)
 r - a +3 ring of strength (right hand)
Scrolls
 m - 5 scrolls of amnesia
Potions
 f - 8 potions of curing
 g - 2 potions of heal wounds
 h - a potion of haste
 i - 4 potions of magic
 j - 5 potions of berserk rage
 l - 2 potions of invisibility
 q - a potion of might


   Skills:
 + Level 10.8 Fighting
 + Level 13.4 Short Blades
 + Level 4.4 Throwing
 + Level 13.9 Dodging
 + Level 16.0 Stealth


You had 8 spell levels left.
You didn't know any spells.
Your spell library was empty.

Dungeon Overview and Level Annotations

Branches:
Dungeon (1/1)

Altars:
Ashenzari
Cheibriados
Dithmenos
Elyvilon
Fedhas
Gozag
Hepliaklqana
Kikubaaqudgha
Makhleb
Nemelex Xobeh
Okawaru
Qazlal
Ru
Sif Muna
Trog
Uskayaw
Vehumet
Wu Jian
Xom
Yredelemnul
Zin
The Shining One
Jiyva
Lugonu


Innate Abilities, Weirdness & Mutations

You are small and have problems with some larger weapons.
You are completely attuned to the shadows.


Message History

Your small abomination barely misses the demonic crawler.
You barely miss the demonic crawler.
The demonic crawler is almost dead.
Your shadow hits the demonic crawler but does no damage.
You are no longer berserk.
You are exhausted.
You feel yourself slow down.
The demonic crawler hits your small abomination!
The demonic crawler closely misses your small abomination.
The demonic crawler barely misses your small abomination.
You feel much better.
Your small abomination barely misses the demonic crawler.
The demonic crawler hits your small abomination.
The demonic crawler hits your small abomination!
Your small abomination is destroyed!
Your small abomination dissolves into shadows!
The demonic crawler barely misses you. The demonic crawler closely misses you.
The demonic crawler misses you.
You hit the demonic crawler. You burn the demonic crawler.
The demonic crawler is severely wounded.
The demonic crawler barely misses you.
The demonic crawler completely misses you. x2
You hit the demonic crawler but do no damage.
The demonic crawler is heavily wounded.
The demonic crawler barely misses you. The demonic crawler hits you!
* * * LOW HITPOINT WARNING * * *
The demonic crawler hits you.
* * * LOW HITPOINT WARNING * * *
The demonic crawler misses you. The demonic crawler closely misses you.
The demonic crawler hits you.
* * * LOW HITPOINT WARNING * * *
You feel better.
The demonic crawler completely misses you.
The demonic crawler hits you!
* * * LOW HITPOINT WARNING * * *
You emit a cloud of dark smoke.
The demonic crawler closely misses you. The demonic crawler barely misses you.
The demonic crawler completely misses you.
The demonic crawler hits you.
You die...

##))##.......##..#
.#..##.......##..#
.#'###...<...##..# #.
....##.......##§§# #..
....##.......##..## #...
######.......##...##....
##).###########§§§['....
.#†############§§s##§...
##)#....#...[##§@## #...
.#'#†...#!..[##§§# #..
##.'.)..'..))##..# #.
.#'#..†.#..).##..#
.'÷#....#..))##..#
##################


You could see a demonic crawler.

Vanquished Creatures
  A fire crab (D)
  A polar bear (D)
  3 blink frogs (D)
  A basilisk (D)
  An acid dragon (D)
  A floating eye (D)
  Duvessa (D)
  A centaur (D)
  2 wolves (D)
  A kobold brigand (D)
  A scorpion (D)
  Dowan (D)
  A crimson imp (D)
  A quasit (D)
  A jelly (D)
  A river rat (D)
  An ufetubus (D)
  A worm (D)
  2 orcs (D)
  An endoplasm (D)
  A giant cockroach (D)
  7 jackals (D)
  A ball python zombie (D)
  A bat (D)
  2 frilled lizards (D)
36 creatures vanquished.

Vanquished Creatures (collateral kills)
  A komodo dragon (D)
1 creature vanquished.

Grand Total: 37 creatures vanquished

Notes
Turn   | Place    | Note
-------+----------+-------------------------------------------
     0 | D        | sircluck the Kobold Brigand began the quest for the Orb.
     0 | D        | Reached XP level 1. HP: 12/12 MP: 1/1
    19 | D        | Reached skill level 6 in Stealth
   130 | D        | Found a bloodstained altar of Trog.
   130 | D        | Found a shimmering blue altar of Sif Muna.
   130 | D        | Found a viscous altar of Jiyva.
   130 | D        | Found a hazy altar of Hepliaklqana.
   130 | D        | Found an opulent altar of Gozag.
   131 | D        | Found a glowing golden altar of the Shining One.
   131 | D        | Found a glowing silver altar of Zin.
   131 | D        | Found a sacrificial altar of Ru.
   131 | D        | Found a stormy altar of Qazlal.
   131 | D        | Found a blossoming altar of Fedhas.
   133 | D        | Found a basalt altar of Yredelemnul.
   133 | D        | Found an iron altar of Okawaru.
   133 | D        | Found a white marble altar of Elyvilon.
   135 | D        | Found a sparkling altar of Nemelex Xobeh.
   135 | D        | Found a shimmering altar of Xom.
   135 | D        | Found a shadowy altar of Dithmenos.
   137 | D        | Found a snail-covered altar of Cheibriados.
   137 | D        | Found a burning altar of Makhleb.
   137 | D        | Found an ornate altar of the Wu Jian Council.
   138 | D        | Found a corrupted altar of Lugonu.
   138 | D        | Found a radiant altar of Vehumet.
   139 | D        | Found a broken altar of Ashenzari.
   139 | D        | Found an ancient bone altar of Kikubaaqudgha.
   139 | D        | Found a hide-covered altar of Uskayaw.
   143 | D        | Became a worshipper of Dithmenos the Shadowed
   159 | D        | Reached skill level 7 in Stealth
   159 | D        | Reached XP level 2. HP: 14/18 MP: 2/2
   182 | D        | Reached * piety under Dithmenos
   197 | D        | Noticed a kobold brigand
   201 | D        | Reached ** piety under Dithmenos
   222 | D        | Reached XP level 3. HP: 17/22 MP: 3/3
   252 | D        | Killed a kobold brigand
   253 | D        | Reached skill level 5 in Short Blades
   253 | D        | Reached skill level 10 in Stealth
   253 | D        | Reached XP level 4. HP: 18/29 MP: 4/4
   254 | D        | Reached *** piety under Dithmenos
   332 | D        | Noticed a wolf
   334 | D        | Noticed a scorpion
   343 | D        | Killed a scorpion
   344 | D        | Reached skill level 11 in Stealth
   344 | D        | Reached XP level 5. HP: 5/34 MP: 5/5
   349 | D        | HP: 1/34 [wolf (11)]
   357 | D        | Killed a wolf
   358 | D        | Reached skill level 5 in Fighting
   358 | D        | Reached skill level 5 in Dodging
   358 | D        | Reached XP level 6. HP: 30/41 MP: 6/6
   367 | D        | Reached **** piety under Dithmenos
   368 | D        | Reached skill level 12 in Stealth
   447 | D        | Noticed a wolf
   449 | D        | Killed a wolf
   450 | D        | Noticed a fire crab
   452 | D        | Killed a fire crab
   452 | D        | Reached ***** piety under Dithmenos
   453 | D        | Reached skill level 14 in Stealth
   453 | D        | Reached XP level 7. HP: 50/50 MP: 7/7
   453 | D        | Reached XP level 8. HP: 55/55 MP: 8/8
   454 | D        | Noticed Duvessa
   454 | D        | Noticed Dowan
   456 | D        | Killed Dowan
   460 | D        | Paralysed by a floating eye for 4 turns
   492 | D        | Killed Duvessa
   493 | D        | Reached skill level 10 in Dodging
   602 | D        | Noticed a blink frog
   602 | D        | Noticed a blink frog
   603 | D        | Noticed a blink frog
   617 | D        | Killed a blink frog
   618 | D        | Reached skill level 15 in Stealth
   622 | D        | HP: 2/56 [blink frog (14)]
   628 | D        | Killed a blink frog
   629 | D        | Reached XP level 9. HP: 28/62 MP: 9/9
   635 | D        | Killed a blink frog
   636 | D        | Reached skill level 10 in Fighting
   682 | D        | Got the +2 rapier of Ytiopu {flame, rCorr Int+3}
   812 | D        | Reached ****** piety under Dithmenos
   822 | D        | Noticed a polar bear
   822 | D        | Noticed a komodo dragon
   863 | D        | Killed a komodo dragon
   875 | D        | Killed a polar bear
   878 | D        | Reached skill level 16 in Stealth
   878 | D        | Noticed a demonic crawler
   895 | D        | HP: 1/63 [demonic crawler (11)]
   895 | D        | Slain by a demonic crawler

Illustrated notes

Levels and vault maps discovered:
D:        pitsprint [storerooms_1, entrance_room_1, metal_vault_3, armoury_2,
          mini_pit_1, grid_room_1, main_hall_1, silver_pit, the_coven_1,
          the_vestibule_1, steel_vault_4, golden_pit, hallway_of_sentries,
          crystal_vault_5, iron_vault_4, final_vault]

Skill      XL: |  1  2  3  4  5  6  7  8  9 |
---------------+----------------------------+-----
Stealth        | 7 10 11 14 15 16 | 16.0
Short Blades   | 3 5 6 7 11 12 13 | 13.4
Fighting       | 4 5 8 9 10 | 10.8
Throwing       | 3 4 |  4.4
Dodging        | 3 4 5 9 11 13 | 13.9

Action                     |  1- 3 |  4- 6 |  7- 9 || total
---------------------------+-------+-------+-------++-------
  Melee: Dagger            |    80 |    38 |    73 ||   191
         Punch             |     1 |       |     3 ||     4
         Rapier            |       |       |    34 ||    34
    Use: Potion            |     1 |     3 |     5 ||     9
         Scroll            |       |     1 |     1 ||     2
   Stab: Sleeping          |       |     2 |     4 ||     6
 Armour: Robe              |    10 |     5 |    10 ||    25
  Dodge: Dodged            |    57 |    45 |   118 ||   220

Table legend: (Time is in decaauts)
 A = Elapsed time spent in this place.
 B = Non-inter-level travel time spent in this place.
 C = Inter-level travel time spent in this place.
 D = Time resting spent in this place.
 E = Time spent auto-exploring this place.
 F = Levels seen in this place.
 G = Mean time per level.
                   A        B        C        D        E       F      G
               +--------+--------+--------+--------+--------+-----+--------+
         Total |    810 |    810 |      0 |    186 |    211 |   1 |  810.0 |
       Dungeon |    810 |    810 |      0 |    186 |    211 |   1 |  810.0 |
               +--------+--------+--------+--------+--------+-----+--------+

Top non-repeatable levels by time:
       D: 810 daAuts
